 Dungeon Crawl Stone Soup version 0.26-a0-1213-gd52f5182fe (webtiles) character file.

Game seed: 2221176203734005817

69 vvl the Magician (level 4, 0/41 HPs)
             Began as a Troll Hedge Wizard on Dec 30, 2020.
             Killed from afar by an orc wizard (4 damage)
             ... with a magic dart
             ... on level 2 of the Dungeon.
             The game lasted 00:02:59 (1215 turns).

vvl the Magician (Troll Hedge Wizard)               Turns: 1215, Time: 00:03:02

Health: 0/41       AC:  6    Str: 18    XL:     4   Next: 2%
Magic:  6/6        EV: 10    Int: 11    God:
Gold:   78         SH:  0    Dex:  9    Spells: 6/7 levels left

rFire    . . .     SeeInvis .   (no weapon)
rCold    . . .     Faith    .   (no shield)
rNeg     . . .     Spirit   .   b - +0 robe
rPois    .         Reflect  .   c - +0 hat
rElec    .         Harm     .   (no cloak)
rCorr    .         Rampage  .   (gloves unavailable)
Will     .....                  (boots unavailable)
Stlth    +.........             (no amulet)
HPRegen  0.53/turn              (no ring)
MPRegen  0.10/turn              (no ring)

@: lethally poisoned (0 -> -31)
A: large, unfitting armour, claws 3, regeneration 1, shaggy fur 1, tough skin 3
a: no special abilities


You were on level 2 of the Dungeon.
You visited 1 branch of the dungeon, and saw 2 of its levels.

You collected 78 gold pieces.

Inventory:

Hand Weapons
 a - a +0 dagger
Armour
 b - a +0 robe (worn)
 c - a +0 hat (worn)
Jewellery
 f - an uncursed amulet of guardian spirit {unknown}
Scrolls
 d - 2 scrolls of remove curse {unknown}
 e - 2 scrolls of noise {unknown}
 g - 3 scrolls of teleportation {unknown}
Potions
 h - a potion of curing {unknown}
 i - a potion of heal wounds {unknown}


   Skills:
 + Level 1.1 Fighting
 - Level 1.5 Dodging
 - Level 1.0 Stealth
 + Level 2.2 Spellcasting
 - Level 0.6 Conjurations
 - Level 0.6 Summonings
 * Level 1.7 Necromancy
 + Level 1.2 Translocations


You had 6 spell levels left.
You knew the following spells:

 Your Spells              Type           Power        Failure   Level
a - Magic Dart            Conj           8%           22%         1

Your spell library contained the following spells:

 Spells                   Type           Power        Failure   Level
 Blink                    Tloc           N/A          26%         2
 Call Imp                 Summ           2%           34%         2
 Slow                     Hex            1%           41%         2
 Conjure Flame            Conj/Fire      1%           58%         3
 Mephitic Cloud           Conj/Pois/Air  1%           61%         3


Dungeon Overview and Level Annotations

Branches:
Dungeon (2/15)

Altars:
Ru
Trog


Innate Abilities, Weirdness & Mutations

You are too large for most types of armour.
You have claws for hands.
Your natural rate of healing is unusually fast.
You are covered in fur. (AC +1)
You have extremely tough skin. (AC +3)


Message History

You are lethally poisoned!
You barely miss something.
* * * LOW HITPOINT WARNING * * *
You feel very sick.
The orc priest looks satisfied for a moment.
Something hits you but does no damage.
You are more poisoned.
You claw something!
* * * LOW HITPOINT WARNING * * *
You feel very sick. Something hits you.
* * * LOW HITPOINT WARNING * * *
You are more poisoned.
You barely miss something.
* * * LOW HITPOINT WARNING * * *
You feel very sick.
You hear some strange, mumbled words.
A magic dart appears from out of thin air!
The magic dart hits you.
You die...

#..#. #####. #...
#. #... ## ......
... ###### .....
####.. #..... ....
..##o# #.#### ...
# ##.##o# ..
#.##.##{#
#.###.##.##@#
#....>......####.
#.................
##.##.##.#.#####.#
#.##.##.#...
#.##.##.#####
#.####.##.##.#
#............#
#####.....##.####
###


You could see an orc priest and an orc.

Vanquished Creatures
  Terence (D:2)
  2 dart slugs
  A leopard gecko (D:1)
  7 goblins
  5 hobgoblins (D:1)
  4 kobolds
  9 bats
  3 frilled lizards
  11 rats
43 creatures vanquished.

Notes
Turn   | Place    | Note
-------+----------+-------------------------------------------
     0 | D:1      | vvl the Troll Hedge Wizard began the quest for the Orb.
     0 | D:1      | Reached XP level 1. HP: 16/16 MP: 2/2
    83 | D:1      | Reached XP level 2. HP: 26/26 MP: 4/4
   192 | D:1      | Reached skill level 1 in Translocations
   238 | D:1      | Reached skill level 1 in Necromancy
   476 | D:1      | Reached XP level 3. HP: 32/32 MP: 5/5
  1002 | D:2      | Noticed Terence
  1008 | D:2      | Killed Terence
  1009 | D:2      | Reached skill level 1 in Fighting
  1121 | D:2      | Found a sacrificial altar of Ru.
  1170 | D:2      | Found a bloodstained altar of Trog.
  1175 | D:2      | Reached XP level 4. HP: 37/41 MP: 6/6
  1215 | D:2      | Killed from afar by an orc wizard

Illustrated notes

Levels and vault maps discovered:
D:1:      dpeg_arrival_ratfight, layout_loops_corners
D:2:      layout_loops_ring, nicolae_ru_awakened_eye, zin_treasury, trog_book,
          uniq_terence

Skill      XL: |  1  2  3 |
---------------+----------+-----
Translocations | 1 |  1.2
Necromancy     | 1 |  1.7
Fighting       | 1 |  1.1
Dodging        | |  1.5
Stealth        | |  1.0
Spellcasting   | |  2.2
Conjurations   | |  0.6
Summonings     | |  0.6

Action                   |  1- 3 |  4- 6 || total
-------------------------+-------+-------++-------
Melee: Unarmed           |   109 |    13 ||   122
 Cast: Magic Dart        |     1 |       ||     1
 Stab: Sleeping          |     2 |       ||     2
Armor: Robe              |    41 |     3 ||    44
Dodge: Dodged            |    62 |       ||    62

Table legend: (Time is in decaauts)
 A = Elapsed time spent in this place.
 B = Non-inter-level travel time spent in this place.
 C = Inter-level travel time spent in this place.
 D = Time resting spent in this place.
 E = Time spent auto-exploring this place.
 F = Levels seen in this place.
 G = Mean time per level.
                   A        B        C        D        E       F      G
               +--------+--------+--------+--------+--------+-----+--------+
         Total |   1214 |   1179 |     35 |      0 |    925 |   2 |  607.0 |
       Dungeon |   1214 |   1179 |     35 |      0 |    925 |   2 |  607.0 |
               +--------+--------+--------+--------+--------+-----+--------+

Top non-repeatable levels by time:
     D:1: 952 daAuts
     D:2: 261 daAuts
